Kradschützen Motorcycle Team
Construct Light Support Kompanie
Pak 38 Anti-tank Gun Team
le.IG 18 Mechanized Group
Construct Panzerarmee Kommand
Selects L6/40 Light Tank Combat Group
Selects Towed Cannone da 105/28 Field Howitzer
Walking Stuka Rocket Launcher
Selects Defensive Operations
Selects Territory Booby Traps
Towed Cannone da 105/28 Field Howitzer
Selects Obice 305mm Barrage
Construct Mechanized Kompanie
Towed Cannone da 105/28 Field Howitzer